 Dungeon Crawl Stone Soup version 0.29.1-15-g9cfb28693d (webtiles) character file.

Game seed: 12169598691578067615

15 leafyfresh the Sneak (level 2, 0/21 HPs)
             Began as an Octopode Delver on Feb 24, 2023.
             Killed by nerve-wracking pain
             ... invoked by an orc priest
              (8 damage)
             ... on level 5 of the Dungeon.
             The game lasted 00:00:24 (254 turns).

leafyfresh the Sneak (Octopode Delver)               Turns: 254, Time: 00:00:24

Health: 0/21       AC:  1    Str: 11    XL:     2   Next: 50%
Magic:  2/2        EV: 13    Int: 12    God:
Gold:   0          SH:  0    Dex: 13    Spells: 1/1 levels left

rFire   . . .      SeeInvis .   a - +0 short sword
rCold   . . .      Faith    .   (no shield)
rNeg    . . .      Spirit   .   (helmet restricted)
rPois   .          Reflect  .   (no amulet)
rElec   .          Harm     .   (no ring)
rCorr   .          Rampage  .   (no ring)
Will    .....                   (no ring)
Stlth   +++++.....              (no ring)
HPRegen 0.07/turn               (no ring)
MPRegen 0.08/turn               (no ring)
                                (no ring)
                                (no ring)

@: no status effects
A: almost no armour, amphibious, 8 rings, camouflage 1, gelatinous body 1,
(nimble swimmer 1), tentacles
a: no special abilities


You were on level 5 of the Dungeon.
You visited 1 branch of the dungeon, and saw 1 of its levels.

Inventory:

Hand Weapons
 a - a +0 short sword (weapon)
Wands
 f - a wand of digging (3)
Scrolls
 b - a scroll of fog
 c - a scroll of magic mapping
 d - a scroll of fear
Potions
 e - a potion of haste


   Skills:
 - Level 3.0 Fighting
 - Level 2.0 Short Blades
 - Level 2.0 Dodging
 + Level 7.4 Stealth


You had one spell level left.
You didn't know any spells.
Your spell library was empty.

Dungeon Overview and Level Annotations

Branches:
Dungeon (5/15)
 Temple: D:4-7

Altars:


Innate Abilities, Weirdness & Mutations

You cannot wear most types of armour.
You are amphibious.
You can wear up to eight rings at the same time.
Your skin changes colour to match your surroundings (Stealth+).
Your rubbery body absorbs attacks. (AC +1, EV +1)
((You are camouflaged when in or above water. (Stealth+)))
You have tentacles for arms and can constrict up to eight enemies at once.


Message History

You kill the orc!
There are monsters nearby!
You barely miss the orc. Your grab misses the orc. Your squeeze misses the orc.
The orc closely misses you.
There are monsters nearby!
You hit the orc. You grab the orc.
The orc is moderately wounded.
You constrict the orc, but do no damage.
The orc closely misses you.
There are monsters nearby!
You hit the orc. You squeeze the orc.
You kill the orc!
An orc priest is nearby!
You closely miss the orc priest. You grab the orc priest.
You constrict the orc priest. The orc priest barely misses you.
An orc priest is nearby!
You hit the orc priest.
The orc priest is lightly wounded.
You constrict the orc priest. The orc priest closely misses you.
An orc priest is nearby!
You hit the orc priest.
The orc priest is moderately wounded.
You constrict the orc priest.
The orc priest hits you with a +0 hand axe!
An orc priest is nearby!
You are too injured to fight recklessly!
An orc priest is nearby!
You are too injured to fight recklessly!
An orc priest is nearby!
You are too injured to fight recklessly!
An orc priest is nearby!
You are too injured to fight recklessly!
Unknown command.
Unknown command.
You hit the orc priest.
The orc priest is severely wounded.
You constrict the orc priest.
The orc priest calls down the wrath of Beogh upon you.
Pain shoots through your body!
You die...

.##...##>..##.##.#..##.
(#....'.......##......
.#....#.########.....
##....#.# #...###
...####.# #.....
#######.########..#
.....##...........#
#.##.###########.## ..#
#@# ..# #o# ..# #.# ..#
#.# .## #.# .# #.# .#
#.# #.#


You could see an orc priest.

Vanquished Creatures
  An adder (D:5)
  3 orcs (D:5)
4 creatures vanquished.

Notes
Turn   | Place    | Note
-------+----------+-------------------------------------------
     0 | D:5      | leafyfresh the Octopode Delver began the quest for the Orb.
     0 | D:5      | Reached XP level 1. HP: 16/16 MP: 1/1
    53 | D:5      | Reached skill level 7 in Stealth
    53 | D:5      | Reached XP level 2. HP: 15/21 MP: 2/2
   254 | D:5      | Killed from afar by an orc priest

Illustrated notes

Levels and vault maps discovered:
D:5:      dreamdust_elfheim, layout_basic

Skill      XL: |  1 |
---------------+----+-----
Stealth        | 7 |  7.4
Fighting       | |  3.0
Short Blades   | |  2.0
Dodging        | |  2.0

Action                   || total
-------------------------++-------
Melee: Short sword       ||    21
       Constrict         ||     5
       Tentacles         ||     3
Armor: Skin              ||     1
Dodge: Dodged            ||    12
